AoeStats
← Times-Witness

Arena

509326815Analyzed
4v4 RM · 5d ago on Sep 26, 2026· 50m 57s· 8 players
Game mode
Random Map
Map size
Large (8 player)
Population
200
Speed
Normal
Resources
Standard
Victory
Conquest
Starting age
Dark Age
Ending age
Imperial Age
RankedLock teamsTeams togetherTeam positionsShared explorationLock speedFull tech treeHidden civsTurbo modeCheats
Victory
Defeat
🇹🇷 Lithuanians · Türkiye
921
+13
🇨🇳 Franks · China
855
+16
🇯🇵 Malay · Japan
819
+17
🇩🇪 Bohemians · Germany
818
+17
🇹🇷 Turks · Türkiye
895
-18
🇫🇷 Celts · France
878
-17
🇬🇧 Spanish · United Kingdom
852
-16
🇩🇪 Saracens · Germany
764
-12
m
10:31 Feudal Age
11:11 Double-Bit Axe
11:10 Horse Collar
19:56 Castle Age
18:37 Fletching
18:53 Stone Mining
19:12 Gold Mining
19:31 Padded Archer Armor
20:12 Scale Mail Armor
20:22 Forging
21:58 Bodkin Arrow
23:35 Pikeman
24:31 Heavy Plow
26:01 Bow Saw
26:39 Wheelbarrow
28:02 Hand Cart
28:56 Stone Shaft Mining
28:48 Scale Barding Armor
35:07 Imperial Age
32:23 Loom
33:22 Husbandry
33:48 Chain Barding Armor
33:44 Chain Mail Armor
34:04 Iron Casting
34:57 Iron Casting
34:37 Leather Archer Armor
34:38 Masonry
35:24 Leather Archer Armor
36:29 Bloodlines
39:22 Squires
39:07 Arson
39:08 Cavalier
45:13 Plate Mail Armor
45:43 Blast Furnace
45:14 Ring Archer Armor
45:20 Plate Barding Armor
CANULAN
14:33 Feudal Age
18:23 Castle Age
16:12 Double-Bit Axe
16:20 Gold Mining
16:14 Horse Collar
23:14 Imperial Age
47:07 Scale Barding Armor
47:13 Forging
47:44 Bow Saw
48:10 Chain Barding Armor
48:06 Bloodlines
47:56 Husbandry
48:01 Heavy Plow
48:11 Heavy Camel Rider
Times-Witness
9:12 Loom
11:52 Feudal Age
12:47 Horse Collar
17:38 Castle Age
15:56 Double-Bit Axe
17:40 Fletching
18:01 Forging
19:40 Heavy Plow
20:48 Stone Mining
23:37 Crossbowman
24:15 Bodkin Arrow
26:26 Wheelbarrow
27:19 Iron Casting
29:12 Town Watch
30:16 Elite Skirmisher
32:10 Pikeman
33:23 Hand Cart
36:32 Iron Casting
35:59 Scale Mail Armor
37:10 Bow Saw
40:08 Imperial Age
38:03 Gold Mining
38:48 Stone Shaft Mining
38:39 Ballistics
39:16 Caravan
40:41 Chain Mail Armor
42:14 Blast Furnace
40:38 Capped Ram
43:11 Scale Barding Armor
47:11 Plate Mail Armor
48:50 Chain Barding Armor
Tha_JB
2:54 Loom
12:30 Feudal Age
15:06 Wheelbarrow
14:19 Double-Bit Axe
14:49 Horse Collar
18:46 Gold Mining
19:15 Stone Mining
21:07 Town Watch
25:13 Castle Age
27:18 Heavy Plow
27:31 Bow Saw
28:25 Gold Shaft Mining
30:05 Husbandry
30:16 Bloodlines
30:16 Scale Barding Armor
30:23 Forging
33:18 Iron Casting
37:21 Imperial Age
35:10 Hand Cart
34:58 Town Patrol
36:29 Crossbowman
37:14 Thumb Ring
37:34 Padded Archer Armor
37:36 Scale Mail Armor
37:27 Arbalester
38:35 Conscription
38:34 Leather Archer Armor
38:42 Ballistics
38:34 Fortified Wall
38:19 Murder Holes
38:26 Heavy Camel Rider
41:20 Ring Archer Armor
40:54 Elite Mameluke
43:59 Blast Furnace
44:25 Two-Man Saw
44:48 Hoardings
45:56 Fletching
46:27 Chain Barding Armor
47:13 Bodkin Arrow
46:51 Capped Ram
48:28 Pikeman
49:09 Squires
Nino
12:43 Feudal Age
14:14 Double-Bit Axe
20:29 Castle Age
21:24 Horse Collar
21:57 Bow Saw
23:00 Wheelbarrow
23:25 Heavy Plow
27:29 Pikeman
28:10 Squires
27:56 Arson
29:11 Hand Cart
32:06 Imperial Age
32:06 Caravan
32:30 Scale Mail Armor
32:41 Forging
32:35 Murder Holes
33:41 Chemistry
32:53 Masonry
33:03 Ballistics
32:55 Fortified Wall
35:55 Loom
35:57 Town Watch
37:29 Architecture
37:04 Siege Engineers
37:52 Scale Barding Armor
38:23 Iron Casting
38:08 Chain Mail Armor
38:00 Halberdier
41:00 Two-Man Saw
40:44 Conscription
40:30 Wagenburg Tactics
39:58 Elite Hussite Wagon
40:43 Wagenburg Tactics
40:51 Hussite Reforms
43:45 Fervor
43:46 Redemption
43:52 Block Printing
43:38 Devotion
43:59 Sanctity
44:00 Heresy
44:16 Theocracy
43:37 Herbal Medicine
44:08 Illumination
43:44 Atonement
Lubuntu10.04LTS
11:55 Feudal Age
15:23 Castle Age
13:39 Double-Bit Axe
14:02 Horse Collar
16:24 Heavy Plow
21:45 Wheelbarrow
22:23 Stone Mining
25:21 Bow Saw
25:34 Hand Cart
26:23 Loom
29:09 Imperial Age
29:19 Imperial Age
26:46 Gold Mining
27:38 Town Watch
29:11 Stone Shaft Mining
29:18 Gold Shaft Mining
28:30 Man-at-Arms
29:10 Squires
29:39 Devotion
29:41 Forced Levy
30:02 Conscription
29:32 Arson
30:27 Crop Rotation
29:42 Treadmill Crane
30:08 Siege Engineers
31:05 Chemistry
30:16 Masonry
29:44 Long Swordsman
31:29 Block Printing
31:35 Faith
31:36 Sanctity
30:44 Two-Handed Swordsman
31:45 Elite Battle Elephant
32:27 Husbandry
33:04 Scale Barding Armor
33:09 Forging
32:50 Fletching
33:11 Caravan
36:05 Coinage
37:52 Iron Casting
37:13 Bodkin Arrow
37:19 Padded Archer Armor
48:46 Elite Karambit Warrior
sonsehzadee
10:02 Feudal Age
16:26 Castle Age
15:15 Horse Collar
15:37 Double-Bit Axe
16:21 Stone Mining
19:05 Heavy Plow
20:00 Loom
22:06 Wheelbarrow
23:30 Hand Cart
30:26 Gold Mining
34:08 Imperial Age
34:31 Bow Saw
34:31 Husbandry
34:41 Bloodlines
34:42 Cavalier
40:13 Paladin
48:38 Scale Barding Armor
48:45 Forging
50:48 Chain Barding Armor
子曰可以有
3:13 Loom
12:51 Feudal Age
16:56 Castle Age
14:47 Double-Bit Axe
17:07 Stone Mining
18:13 Bow Saw
24:16 Gold Mining
25:21 Wheelbarrow
27:05 Fletching
28:34 Forging
28:30 Scale Barding Armor
29:39 Gold Shaft Mining
29:56 Iron Casting
30:50 Chain Barding Armor
31:01 Husbandry
37:40 Imperial Age
37:11 Bodkin Arrow
37:01 Ordonnance Companies
37:47 Squires
37:50 Scale Mail Armor
37:47 Cavalier
39:08 Plate Barding Armor
39:33 Blast Furnace
38:49 Chain Mail Armor
39:52 Conscription
39:57 Chivalry
39:21 Elite Throwing Axeman
44:34 Paladin
49:38 Plate Mail Armor
Connection lost

Rejoining the realm…

Still unreachable

The connection could not be restored.

Session expired

The server has moved on; the page needs a fresh start.